 Dungeon Crawl Stone Soup version 0.31.0-12-g77e489cdc1 (webtiles) character file.

Game seed: 12756585308473890570

2345 jiveturtle the Grappler (level 9, 0/66 (75) HPs)
             Began as a Troll Shapeshifter on Feb 24, 2024.
             Was an Initiate of Makhleb.
             Slain by Jeremiah
             ... wielding a +4 trident of draining
              (4 damage)
             ... on level 7 of the Dungeon.
             The game lasted 00:08:38 (5946 turns).

jiveturtle the Grappler (Troll Shapeshifter)        Turns: 5946, Time: 00:08:38

HP:   0/66 (75)     AC:  4    Str: 28    XL:     9   Next: 20%
MP:   8/8           EV: 10    Int:  6    God:    Makhleb [......]
Gold: 345           SH:  0    Dex:  9    Spells: 8/8 levels left

rFire   . .          .
                       - Unarmed
rCold   + . .        (no shield)
rNeg    . . .        a - +0 animal skin
rPois   .            (helmet currently unavailable)
rElec   .            (cloak currently unavailable)
rCorr   .            (gloves unavailable)
SInv    .            (boots unavailable)
Will    +....        (no amulet)
Stlth   +            k - ring of protection from cold
HPRegen 1.11/turn    u - ring of willpower
MPRegen 0.11/turn

%: no passive effects
@: beast-form, heavily drained
A: beast (slay +2), large, unfitting armour, claws 3, regeneration 1, shaggy fur
1, tough skin 1
a: Begin Untransformation, Renounce Religion


You were on level 7 of the Dungeon.
You worshipped Makhleb.
Makhleb was noncommittal.
You were a hulking beast.
You visited 2 branches of the dungeon, and saw 8 of its levels.
You also visited: Sewer.

You collected 345 gold pieces.

Inventory:

Missiles
 q - 24 poisoned darts (quivered)
Armour
 a - a +0 animal skin (worn)
 s - a scarf of invisibility
Jewellery
 k - a ring of protection from cold (left claw)
 u - a ring of willpower (right claw)
 A - a ring of fire
 D - a ring of see invisible
Talismans
 c - a beast talisman
 d - a flux talisman
Wands
 B - a wand of iceblast (15)
Scrolls
 e - a scroll of summoning
 f - 6 scrolls of teleportation
 i - a scroll of amnesia {unknown}
 m - 2 scrolls of enchant armour
 n - a scroll of noise
 t - a scroll of fear
 v - 2 scrolls of revelation
 y - a scroll of poison
 z - a scroll of fog {unknown}
 E - a scroll of vulnerability {unknown}
Potions
 b - 3 potions of lignification
 g - 4 potions of curing {unknown}
 h - a potion of brilliance {unknown}
 j - 4 potions of heal wounds
 l - a potion of attraction {unknown}
 o - 3 potions of haste {unknown}
 p - 2 potions of ambrosia {unknown}
 r - a potion of cancellation {unknown}
 w - 2 potions of magic {unknown}
 x - 2 potions of degeneration {unknown}
 C - a potion of mutation {unknown}


   Skills:
 - Level 0.7 Fighting
 - Level 2.0 Dodging
 * Level 11.7 Unarmed Combat
 * Level 5.1 Shapeshifting


You had 8 spell levels left.
You didn't know any spells.
Your spell library contained the following spells:

 Spells                   Type           Power      Damage    Failure   Level
 Apportation              Tloc           0%         N/A       45%         1
 Foxfire                  Conj/Fire      0%         2x1d4     45%         1
 Freeze                   Ice            0%         1d3       45%         1
 Jinxbite                 Hex            0%         N/A       58%         2
 Dazzling Flash           Conj/Hex       0%         N/A       83%         3
 Frozen Ramparts          Ice            0%         1d1       83%         3
 Hailstorm                Conj/Ice       0%         3d5       83%         3
 Volatile Blastmotes      Fire/Tloc      0%         2d10      83%         3
 Summon Blazeheart Golem  Fire/Summ      0%         N/A       99%         4
 Alistair's Intoxication  Alch           0%         N/A       100%        5
 Plasma Beam              Fire/Air       0%         2x1d10    100%        6
 Starburst                Conj/Fire      0%         6d3       100%        6
 Orb of Destruction       Conj           0%         9d5       100%        7
 Spellforged Servitor     Conj/Summ      0%         N/A       100%        7
 Maxwell's Capacitive Co  Air            0%         ∞         100%        8


Dungeon Overview and Level Annotations

Branches:
Dungeon (7/15)             Temple (1/1) D:5           Sewer (visited)

Altars:
Ashenzari
Cheibriados
Dithmenos
Fedhas
Hepliaklqana
Makhleb
Nemelex Xobeh
Okawaru
Qazlal
Ru
Sif Muna
Trog
Zin
The Shining One

Annotations:
D:4 3 runed translucent doors, Gadfly's ghost, amateur OnBe
D:7 Jeremiah


Innate Abilities, Weirdness & Mutations

You are a hulking beast.
Your limbs bulge with bestial killing power. (Slay +2)
You are too large for most types of armour.
You have claws for hands.
Your natural rate of healing is unusually fast.
You are covered in fur. (AC +1)
You have tough skin. (AC +1)


Message History

The butterfly disappears in a burst of colours!
Jeremiah hits you from afar with a +4 trident of draining.
You feel drained.
Unknown command.
You claw the butterfly!
You kill the butterfly!
The butterfly disappears in a burst of colours!
Jeremiah hits you from afar with a +4 trident of draining!
* * * LOW HITPOINT WARNING * * *
You feel drained.
Unknown command.
You mangle the butterfly!!
You kill the butterfly!
The butterfly disappears in a burst of colours!
Jeremiah hits you from afar with a +4 trident of draining.
* * * LOW HITPOINT WARNING * * *
You feel drained.
Unknown command.
You scratch the butterfly.
You kill the butterfly!
The butterfly disappears in a burst of colours! x2
Jeremiah barely misses you.
You barely miss the butterfly.
Unknown command.
You claw the butterfly!
You kill the butterfly!
The butterfly disappears in a burst of colours!
Jeremiah's eyes momentarily flash bright red.
Jeremiah hits you from afar with a +4 trident of draining.
* * * LOW HITPOINT WARNING * * *
You feel drained.
* * * LOW HITPOINT WARNING * * *
You mangle the butterfly!!
You kill the butterfly!
The butterfly disappears in a burst of colours!
Jeremiah closely misses you.
You closely miss the butterfly.
Jeremiah hits you from afar with a +4 trident of draining.
You die...
Jeremiah wails, "I didn't mean to kill anyone!
I'm not a murderer!"

##################
........hbFbbb.b.#
....##########.#.########
# #............<
#.#######.###. #.# #.# #.
#.# #.# #. #.# #.# #. #.#
#.# #. #.# #.# #.


You could see Jeremiah.

Vanquished Creatures
  Pikel (D:7)
  A water moccasin (D:6)
  An ice beast (D:7)
  3 sky beasts
  A centaur (D:6)
  2 ogres (D:5)
  2 lemures (D:7)
  2 kobold brigands (Sewer)
  2 brain worms (Sewer)
  A scorpion (D:6)
  3 wights (D:6)
  A jelly (D:5)
  4 hounds
  2 orc priests (D:3)
  A sleepcap (D:6)
  2 iguanas
  4 orc wizards
  4 gnolls (D:4)
  10 adders
  2 river rats (Sewer)
  A shadow imp (D:6)
  2 white imps
  A dart slug (D:1)
  A ribbon worm (D:2)
  18 orcs
  13 endoplasms
  10 giant cockroaches
  15 goblins
  11 hobgoblins
  7 jackals
  9 kobolds
  8 quokkas
  10 ball pythons
  8 bats
  6 frilled lizards
  8 rats
177 creatures vanquished.

Notes
Turn   | Place    | Note
-------+----------+-------------------------------------------
     0 | D:1      | jiveturtle the Troll Shapeshifter began the quest for the
                  | Orb.
     0 | D:1      | Reached XP level 1. HP: 18/18 MP: 0/0
   111 | D:1      | Reached XP level 2. HP: 26/26 MP: 1/1
   367 | D:1      | Reached XP level 3. HP: 32/32 MP: 2/2
   872 | D:1      | Reached skill level 4 in Unarmed Combat
  1240 | D:2      | Reached XP level 4. HP: 40/40 MP: 3/3
  1918 | D:3      | Found a glowing drain.
  1939 | Sewer    | Entered a sewer
  1964 | Sewer    | Noticed a kobold brigand
  1970 | Sewer    | Killed a kobold brigand
  1971 | Sewer    | Reached skill level 5 in Unarmed Combat
  1971 | Sewer    | Reached XP level 5. HP: 38/46 MP: 4/4
  2115 | Sewer    | Reached skill level 6 in Unarmed Combat
  2115 | Sewer    | Reached XP level 6. HP: 48/54 MP: 3/5
  2592 | D:3      | Reached skill level 7 in Unarmed Combat
  2634 | D:3      | Found a hazy altar of Hepliaklqana.
  3150 | D:4      | Reached XP level 7. HP: 58/61 MP: 6/6
  3152 | D:4      | Found a runed translucent gate.
  3152 | D:4      | Found a runed translucent gate.
  3152 | D:4      | Found a runed translucent gate.
  3152 | D:4      | Noticed Gadfly's ghost (amateur OnBe)
  3262 | D:4      | HP: 1/61 [gnoll/+0 halberd (10)]
  3381 | D:4      | Found a broken altar of Ashenzari.
  3447 | D:4      | Found a sacrificial altar of Ru.
  3711 | D:4      | Reached skill level 8 in Unarmed Combat
  3876 | D:5      | Entered Level 5 of the Dungeon
  4066 | D:5      | Identified the +11 quarterstaff of the Radish {venom, rC-
                  | rN+ Stlth+}
  4076 | D:5      | Found a staircase to the Ecumenical Temple.
  4081 | D:5      | Reached skill level 9 in Unarmed Combat
  4127 | Temple   | Entered the Ecumenical Temple
  4157 | Temple   | Became a worshipper of Makhleb the Destroyer
  4257 | D:5      | Found a shadowy altar of Dithmenos.
  4264 | D:5      | Reached XP level 8. HP: 62/68 MP: 7/7
  4936 | D:6      | Reached skill level 10 in Unarmed Combat
  5713 | D:7      | Reached skill level 11 in Unarmed Combat
  5801 | D:7      | Noticed Pikel
  5812 | D:7      | Killed Pikel
  5813 | D:7      | Reached skill level 5 in Shapeshifting
  5813 | D:7      | Reached XP level 9. HP: 64/75 MP: 8/8
  5909 | D:7      | Noticed Jeremiah
  5944 | D:7      | HP: 3/67 [Jeremiah/+4 trident of draining (4)]
  5946 | D:7      | Slain by Jeremiah

Illustrated notes

Levels and vault maps discovered:
D:1:      lightli_arrival_quake, layout_loops_corners
D:2:      layout_loops_cross, nrook_loot_triangle, minivault_14,
          minmay_crystal_room, minmay_goblin_kobold_house
D:3:      layout_basic, nzn_hepliaklqana_mist_gate, gup_sewer_entry_pipe
D:4:      layout_loops_ring, kennysheep_mini_moat, nicolae_ru_awakened_eye,
          gammafunk_ghost_split, dreamdust_gnoll_farm
D:5:      layout_rooms, mainiacjoe_overflow_alcove_4,
          minmay_temple_entry_steel_oval, nicolae_concentric_dashed_squares_mild
D:6:      layout_loops_corners, roderic_serpentine_path
D:7:      layout_loops_ring, kennysheep_dice, uniq_pikel,
          uniq_crazy_yiuf_cottage, uniq_jeremiah
Temple:   cyrus_temple_forest

Skill      XL: |  1  2  3  4  5  6  7  8 |
---------------+-------------------------+-----
Unarmed Combat | 4 5 6 7 9 11 | 11.7
Dodging        | 2 |  2.0
Shapeshifting  | 4 5 |  5.1
Fighting       | |  0.7

Action                     |  1- 3 |  4- 6 |  7- 9 || total
---------------------------+-------+-------+-------++-------
  Melee: Unarmed           |   128 |   166 |   191 ||   485
         Punch             |     2 |     5 |     4 ||    11
    Use: Scroll            |       |     5 |     4 ||     9
   Stab: Sleeping          |     1 |       |       ||     1
 Armour: Animal skin       |    87 |    96 |   107 ||   290
  Dodge: Dodged            |    59 |    61 |    59 ||   179
